 Dungeon Crawl Stone Soup version 0.19.0-24-gb05acd6 (webtiles) character file.

2710 Gargo the Magician (level 9, -10/49 HPs)
             Began as a Gargoyle Earth Elementalist on Nov 21, 2016.
             Mangled by a wolf spider (18 damage)
             ... on level 7 of the Dungeon.
             The game lasted 00:47:25 (7529 turns).

Gargo the Magician (Gargoyle Earth Elementalist)    Turns: 7529, Time: 00:47:25

Health: -10/49     AC: 10    Str: 12    XL:     9   Next: 66%
Magic:  11/29      EV: 12    Int: 19    God:
Gold:   399        SH:  0    Dex: 10    Spells: 3 memorised, 14 levels left

rFire  + . .     SeeInvis +     a - +0 morningstar (venom)
rCold  + . .     Gourm    .     z - +2 robe {rC+ rF+}
rNeg   + . .     Faith    .     (no shield)
rPois  ∞         Spirit   .     G - +0 helmet {SInv}
rElec  +         Reflect  .     (no cloak)
rCorr  .         Harm     .     (no gloves)
MR     .....                    (no boots)
Stlth  +++.......               (no amulet)
                                n - ring of magical power
                                r - ring of stealth

@: very slightly contaminated, invisible
A: negative energy resistance 1, electricity resistance, unbreathing,
petrification resistance, rot immunity, AC +5
a: no special abilities


You were on level 7 of the Dungeon.
You were not hungry.

You visited 1 branch of the dungeon, and saw 8 of its levels.
You also visited: Ossuary.

You collected 477 gold pieces.
You spent 78 gold pieces at shops.

Inventory:

Hand Weapons
 a - a +0 morningstar of venom (weapon)
 P - a +2 flail of protection
 Q - a +0 mace of crushing
 T - a -1 flail
 V - a +1 whip of pain
Missiles
 b - 120 stones
 h - 5 silver javelins (quivered)
 t - 49 poisoned needles
 M - 5 needles of sleeping
Armour
 c - a +0 robe
 f - a +0 leather armour of magic resistance
 z - a +2 robe of resistance (worn)
 G - a +0 helmet of see invisible (worn)
 H - a +0 helmet
 U - a +0 robe of fire resistance
Jewellery
 n - a ring of magical power (right hand)
 r - a ring of stealth (left hand)
 x - an uncursed ring of protection from fire
Wands
 N - a wand of polymorph (17/24)
 S - a wand of paralysis (12/24)
 X - a wand of iceblast (8/15)
Scrolls
 g - 8 scrolls of identify
 p - 2 scrolls of remove curse
 v - 2 scrolls of fear
 y - 2 scrolls of noise
 D - 3 scrolls of teleportation
 R - a scroll of magic mapping
 Y - a scroll of amnesia {unknown}
Potions
 i - a potion of magic {unknown}
 j - 2 potions of beneficial mutation {unknown}
 k - 4 potions of brilliance
 l - 2 potions of invisibility
 m - a potion of curing
 s - a potion of ambrosia {unknown}
 u - 4 potions of flight
 w - 2 potions of agility {unknown}
 B - 3 potions of berserk rage {unknown}
 C - a potion of cancellation {unknown}
 E - 2 potions of degeneration {unknown}
 O - 2 potions of might {unknown}
Books
 e - a book of Geomancy

   Spells                             Type                      Level
   a - Sandblast                      Earth                        1
   b - Passwall                       Transmutation/Earth          2
   c - Stone Arrow                    Conjuration/Earth            3
   d - Petrify                        Transmutation/Earth          4
   e - Lee's Rapid Deconstruction     Earth                        5
Comestibles
 d - 5 bread rations
 o - 2 meat rations
 K - 5 fruits
 L - a slice of pizza
 W - a chunk of flesh
 Z - a beef jerky


   Skills:
 + Level 2.5 Fighting
 + Level 2.5 Maces & Flails
 + Level 2.9 Armour
 + Level 2.6 Dodging
 - Level 2.1 Stealth
 * Level 7.8 Spellcasting
 + Level 6.0 Conjurations
   Level 0.7 Transmutations
 + Level 7.5 Earth Magic
 + Level 1.8 Evocations


You had 14 spell levels left.
You knew the following spells:

 Your Spells              Type           Power        Failure   Level  Hunger
a - Sandblast             Erth           #####.       1%          1    None
b - Lee's Rapid Deconstr  Erth           #####.....   12%         5    #####..
A - Stone Arrow           Conj/Erth      ####..       1%          3    #......


Dungeon Overview and Level Annotations

Branches:
Dungeon (8/15)             Temple (0/1) D:7
   Lair: D:8-11

Altars:
Ashenzari
Dithmenos
Gozag
Hepliaklqana
Kikubaaqudgha
Makhleb
Okawaru
Qazlal
Uskayaw
Yredelemnul
The Shining One

Shops:
D:4 *


Innate Abilities, Weirdness & Mutations

You are resistant to torment.
Your stone body is resilient. (AC +5)
You are immune to poison.
You resist negative energy. (rN+)
You are resistant to electric shocks. (rElec)
You can survive without breathing.
You are immune to petrification.
You are immune to rotting.


Message History

The four-headed hydra bites you.
* * * LOW HITPOINT WARNING * * *
The four-headed hydra bites you but does no damage. x2
The four-headed hydra misses you.
Casting: Stone Arrow
Confirm with . or Enter, or press ? or * to list all spells.
Aiming: Stone Arrow
Press: ? - help, Shift-Dir - straight line, f/p - four-headed hydra
Aim: a four-headed hydra (severely wounded)
The stone arrow hits the four-headed hydra.
You kill the four-headed hydra!
Your Fighting skill increases to level 2!
Your Conjurations skill increases to level 6!
The vampire mosquito barely misses you.
You fade into invisibility!
The vampire mosquito closely misses you.
Your +0 morningstar of venom begins to drip with poison!
a - a +0 morningstar of venom (weapon)
The wolf spider hits you!!
You die...

,,,,,,,,,*#,,,..####,,.,,,,,,,,**
,,,***,*,*#.###§...#,.#****,*****
,,,* *,,,##.#(#.##.#.$# *,,* *
*,,****,,#......)#.#..##****,****
,,,,,,,,,+.##.§.##.'....,,,,,,,**
*,,**,**,#,#...§...#,*****,....#*
*,,**,**,#.##.#.#y##,**,,,,,...,,
,,,*#,*#,#....###s#*,**,**,,[..**
#..*#.##.####..)@.#*,,,,**,,...*
#..##....#####'#####.#*,****#.#*
#......#.............#*,* #.#
...##....#...#########*,* #.#
#..#.....#..>.......,,,,* #<#
#..........#########***,****#.#
##.#..#.....## ***,,,,,..#
........)....###*****,*,***#..#
##.#.#.))........,,,,,,,***#..#


You could see a wolf spider and a vampire mosquito.

Vanquished Creatures
  A hydra (D:7)
  Edmund (D:5)
  2 sky beasts (D:7)
  2 phantoms
  A necrophage (D:5)
  3 ogres
  2 scorpions
  A crimson imp (D:6)
  A bullfrog zombie (D:6)
  8 orc priests
  A bullfrog skeleton (D:5)
  3 hounds
  3 orc wizards
  A gnoll shaman (D:7)
  An iguana (D:5)
  8 worker ants
  A killer bee zombie (D:6)
  9 mummies
  6 adders
  4 gnolls
  3 oozes
  2 adder zombies (D:5)
  An adder skeleton (D:4)
  A worm (D:2)
  2 dart slugs
  5 leopard geckos
  20 orcs
  A ball python (D:2)
  3 giant cockroaches
  2 gnoll zombies (Ossuary)
  5 goblins
  7 hobgoblins
  2 jackals (D:4)
  8 kobolds
  4 quokkas
  10 bats
  10 frilled lizards
  2 hobgoblin zombies (Ossuary)
  2 kobold zombies
  4 orc zombies
  11 rats
164 creatures vanquished.

Notes
Turn   | Place    | Note
-------+----------+-------------------------------------------
     0 | D:1      | Gargo the Gargoyle Earth Elementalist began the quest for the Orb.
     0 | D:1      | Reached XP level 1. HP: 10/10 MP: 3/3
   137 | D:1      | Reached XP level 2. HP: 15/15 MP: 0/5
   517 | D:1      | Reached XP level 3. HP: 19/19 MP: 7/7
   522 | D:1      | Learned a level 3 spell: Stone Arrow
  1422 | D:2      | Reached XP level 4. HP: 24/24 MP: 4/8
  1566 | D:2      | Reached skill level 1 in Conjurations
  2295 | D:3      | Found a shadowy altar of Dithmenos.
  2365 | D:4      | Found a stormy altar of Qazlal.
  2384 | D:4      | Noticed an ogre
  2468 | D:4      | Noticed a phantom
  2514 | D:4      | Found a sand-covered staircase.
  2527 | Ossuary  | Entered an ossuary
  2734 | Ossuary  | Reached XP level 5. HP: 28/28 MP: 0/10
  3358 | D:4      | Reached skill level 5 in Earth Magic
  3358 | D:4      | Reached XP level 6. HP: 32/32 MP: 8/12
  3376 | D:4      | Killed a phantom
  3480 | D:4      | Found Nuuchezxer's General Store.
  3489 | D:4      | Bought a potion of brilliance for 52 gold pieces
  3490 | D:4      | Bought a scroll of identify for 26 gold pieces
  3969 | D:4      | Reached skill level 5 in Spellcasting
  3969 | D:4      | Reached XP level 7. HP: 25/36 MP: 1/14
  4145 | D:4      | Learned a level 5 spell: Lee's Rapid Deconstruction
  4178 | D:4      | Found a glowing golden altar of the Shining One.
  4378 | D:5      | Entered Level 5 of the Dungeon
  4793 | D:5      | Reached XP level 8. HP: 33/41 MP: 0/17
  5299 | D:5      | Noticed Edmund
  5308 | D:5      | Killed Edmund
  5762 | D:5      | Found a hazy altar of Hepliaklqana.
  5819 | D:5      | Reached skill level 5 in Conjurations
  5910 | D:6      | Found a hide-covered altar of Uskayaw.
  5910 | D:6      | Found a burning altar of Makhleb.
  5910 | D:6      | Found a shattered altar of Ashenzari.
  5910 | D:6      | Found an ancient bone altar of Kikubaaqudgha.
  5925 | D:6      | Found a basalt altar of Yredelemnul.
  5926 | D:6      | Found an opulent altar of Gozag.
  6224 | D:6      | Reached skill level 1 in Maces & Flails
  6224 | D:6      | Reached skill level 1 in Armour
  6371 | D:6      | Found an iron altar of Okawaru.
  6557 | D:6      | Reached skill level 1 in Fighting
  6876 | D:7      | Reached XP level 9. HP: 47/47 MP: 19/19
  7172 | D:7      | Reached skill level 1 in Evocations
  7510 | D:7      | Noticed a four-headed hydra
  7525 | D:7      | Noticed a wolf spider
  7527 | D:7      | Killed a four-headed hydra
  7529 | D:7      | Mangled by a wolf spider

Skill      XL: |  1  2  3  4  5  6  7  8  9 |
---------------+----------------------------+-----
Earth Magic    | 4 5 6 7 |  7.5
Spellcasting   | 3 4 5 6 7 |  7.8
Conjurations   | 1 2 3 4 5 6 |  6.0
Maces & Flails | 1 2 |  2.5
Armour         | 1 2 |  2.9
Fighting       | 1 2 |  2.5
Dodging        | 2 |  2.6
Evocations     | 1 |  1.8
Stealth        | |  2.1
Transmutations | |  0.7

Action                   |  1- 3 |  4- 6 |  7- 9 || total
-------------------------+-------+-------+-------++-------
Melee: Dagger            |    35 |       |       ||    35
       Short sword       |     3 |     4 |       ||     7
       Mace              |       |    20 |    25 ||    45
       Morningstar       |       |       |    11 ||    11
 Cast: Sandblast         |    65 |   106 |   208 ||   379
       Stone Arrow       |       |    14 |    29 ||    43
  Use: Potion            |     1 |     3 |     3 ||     7
       Scroll            |       |     8 |     5 ||    13
 Stab: Sleeping          |     4 |     6 |     6 ||    16
  Eat: Chunk             |     2 |     5 |    10 ||    17
       Meat ration       |       |     1 |       ||     1
       Fruit             |       |     1 |       ||     1
Armor: Robe              |    31 |    27 |    62 ||   120
Dodge: Dodged            |    37 |    67 |   124 ||   228
